 Dungeon Crawl Stone Soup version 0.25.1-2-g60ff931df9 (webtiles) character file.

Game seed: 11811535560518070737

29 nicanaca0 the Cudgeler (level 3, -3/23 HPs)
             Began as a Gargoyle Berserker on Sept 28, 2020.
             Was a Follower of Trog.
             Slain by an ogre
             ... wielding a +0 giant spiked club
              (26 damage)
             ... on level 2 of the Dungeon.
             The game lasted 00:01:27 (1030 turns).

nicanaca0 the Cudgeler (Gargoyle Berserker)         Turns: 1030, Time: 00:01:27

Health: -3/23      AC:  6    Str: 21    XL:     3   Next: 16%
Magic:  3/3        EV: 11    Int:  7    God:    Trog [*.....]
Gold:   98         SH:  0    Dex:  9    Spells: 2/2 levels left

rFire    . . .     SeeInvis .   a - +0 mace
rCold    . . .     Gourm    .   (no shield)
rNeg     + . .     Faith    .   f - +0 leather armour
rPois    ∞         Spirit   .   (no helmet)
rElec    +         Reflect  .   (no cloak)
rCorr    .         Harm     .   (no gloves)
MR       .....                  (no boots)
Stlth    +.........             (no amulet)
HPRegen  0.07/turn              (no ring)
MPRegen  0.08/turn              (no ring)

@: no status effects
A: negative energy resistance 1, electricity resistance, unbreathing,
petrification resistance, rot immunity, AC +3
a: Berserk, Renounce Religion


You were on level 2 of the Dungeon.
You worshipped Trog.
Trog was aware of your devotion.
You were not hungry.

You visited 1 branch of the dungeon, and saw 2 of its levels.

You collected 98 gold pieces.

Inventory:

Hand Weapons
 a - a +0 mace (weapon)
Armour
 b - a +0 animal skin
 f - a +0 leather armour (worn)
Scrolls
 e - a scroll of amnesia {unknown}
 g - 2 scrolls of remove curse {unknown}
 i - a scroll of immolation {unknown}
Potions
 d - 2 potions of lignification {unknown}
 j - a potion of heal wounds {unknown}
 k - 2 potions of curing {unknown}
 l - a potion of brilliance {unknown}
Comestibles
 c - 5 rations
 h - 2 chunks of flesh


   Skills:
 - Level 3.2 Fighting
 * Level 4.2 Maces & Flails
 - Level 2.1 Armour
 - Level 1.5 Dodging


You had 2 spell levels left.
You didn't know any spells.
Your spell library was empty.

Dungeon Overview and Level Annotations

Branches:
Dungeon (2/15)

Altars:


Innate Abilities, Weirdness & Mutations

You are resistant to torment.
Your stone body is resilient. (AC +3)
You are immune to poison.
You resist negative energy. (rN+)
You are resistant to electric shocks. (rElec)
You can survive without breathing.
You are immune to petrification.
You are immune to rotting.


Message History

The ogre barely misses you.
Found a scroll labeled XILUCZ QEREIBO.
You barely miss the ogre. You hit the ogre.
The ogre is moderately wounded.
The ogre closely misses you.
You hit the ogre but do no damage.
The ogre is moderately wounded.
The ogre misses you.
You sock the ogre!
The ogre is heavily wounded.
The ogre closely misses you.
You hit the ogre.
The ogre is severely wounded.
The ogre barely misses you.
You barely miss the ogre.
The ogre is severely wounded.
The ogre hits you with a +0 giant spiked club!!
Ouch! That really hurt!
You die...

....# ##.# ...#
#.# #.## #..#
##########.##
#...........#
#...........##
#....%.......#
#.@........#.#
#.O........#.#
#..........#..
#..........##.#
............#
..
?.....#########
.. ........#
........#
........#


You could see an ogre.

Vanquished Creatures
  An adder (D:2)
  2 giant cockroaches (D:1)
  3 goblins (D:1)
  4 hobgoblins (D:1)
  4 bats
  A frilled lizard (D:1)
  3 kobolds (D:1)
  2 rats (D:2)
20 creatures vanquished.

Notes
Turn   | Place    | Note
-------+----------+-------------------------------------------
     0 | D:1      | nicanaca0 the Gargoyle Berserker began the quest for the
                  | Orb.
     0 | D:1      | Reached XP level 1. HP: 14/14 MP: 1/1
   584 | D:1      | Reached XP level 2. HP: 19/19 MP: 2/2
   961 | D:2      | Reached skill level 4 in Maces & Flails
   961 | D:2      | Reached XP level 3. HP: 22/23 MP: 3/3
  1019 | D:2      | Noticed an ogre
  1030 | D:2      | Slain by an ogre

Illustrated notes

Levels and vault maps discovered:
D:1:      lightli_arrival_lavapool, layout_loops_ring, minmay_misc_feat_five,
          minmay_tree_intersection
D:2:      layout_basic, kiku_gazebo_garden_becter, first_ration,
          kennysheep_cross_bottleneck

Skill      XL: |  1  2 |
---------------+-------+-----
Maces & Flails | 4 |  4.2
Fighting       | |  3.2
Armour         | |  2.1
Dodging        | |  1.5

Action                   || total
-------------------------++-------
Melee: Mace              ||    66
Armor: Animal skin       ||    11
       Leather armour    ||    20
Dodge: Dodged            ||    52
